[Event "Team 45 45 League T56"]
[Site "Internet Chess Club"]
[Date "2013.03.16"]
[Round "4"]
[White "hariputter"]
[Black "gazap"]
[Result "0-1"]
[WhiteElo "2091"]
[BlackElo "2174"]
[Opening "Sicilian defense"]
[ECO "B30"]
[Time "13:00:16"]
[TimeControl "2700+45"]

1. e4 c5 2. Nf3 Nc6 3. c3 Nf6 4. e5 Nd5 5. d4 cxd4 6. cxd4 d6 7. exd6 Qxd6 8.
Nc3 g6 9. Bd3 Bg7 10. O-O O-O 11. Be3 Bg4 12. h3 Bf5 13. Bxf5 gxf5 14. Nh4 e6
15. Qd2 f4 16. Nxd5 fxe3 17. Nxe3 Nxd4 18. Ng4 Qd8 19. g3 f5 20. Nh2 f4 21. Rad1
fxg3 22. fxg3 Qd5 23. Ng4 Rad8 24. Kh2 Rxf1 25. Rxf1 Nf3+ 26. Nxf3 Qxd2+ 27.
Nxd2 Rxd2+ 28. Rf2 Rxf2+ 29. Nxf2 Bxb2 30. Ne4 Ba3 31. Ng5 e5 32. Kg2 b5 33. Kf3
Be7 34. Ne6 Kf7 35. Nc7 b4 36. Ke4 a5 37. Kxe5 a4 38. Kd4 b3 39. axb3 a3 40. Kc3
Bf6+ {White resigns} 0-1

[Event "Team 45 45 League T56"]
[Site "Internet Chess Club"]
[Date "2013.03.16"]
[Round "4"]
[White "DemsizCay"]
[Black "xwang1"]
[Result "1-0"]
[WhiteElo "2170"]
[BlackElo "2027"]
[Opening "Ruy Lopez: Berlin defense"]
[ECO "C65"]
[Time "16:05:16"]
[TimeControl "2700+45"]

1. e4 e5 2. Nf3 Nc6 3. Bb5 Nf6 4. d3 d6 5. c3 Be7 6. O-O O-O 7. Re1 h6 8. Nbd2
a6 9. Ba4 Re8 10. Nf1 Bf8 11. Ng3 Bd7 12. h3 g6 13. d4 exd4 14. cxd4 d5 15. e5
Nh7 16. a3 Bg7 17. Bc2 Nf8 18. Be3 Ne6 19. Qd2 h5 20. Qd3 Ne7 21. h4 Bb5 22. Qd2
b6 23. Ng5 Nf8 24. Nh3 Nh7 25. Bh6 Bd7 26. e6 Bxe6 27. Nxh5 Bxh3 28. Nxg7 Bd7
29. Nxe8 Bxe8 30. Re5 f6 31. Re3 Bf7 32. Rae1 Nc6 33. h5 g5 34. Qd3 Nf8 35. Bxf8
Kxf8 36. Qh7 {Black resigns} 1-0

[Event "Team 45 45 League T56"]
[Site "Internet Chess Club"]
[Date "2013.03.17"]
[Round "4"]
[White "avila"]
[Black "primerpaso"]
[Result "1/2-1/2"]
[WhiteElo "1964"]
[BlackElo "1911"]
[Opening "Sicilian: Najdorf, Opocensky variation"]
[ECO "B92"]
[Time "20:03:56"]
[TimeControl "2700+45"]

1. e4 c5 2. Nf3 d6 3. d4 cxd4 4. Nxd4 Nf6 5. Nc3 a6 6. Be2 e5 7. Nb3 Be6 8. O-O
Nbd7 9. Be3 b5 10. f3 b4 11. Nd5 Bxd5 12. exd5 Be7 13. c4 bxc3 14. bxc3 a5 15.
a4 O-O 16. c4 Qc7 17. Rc1 Rfb8 18. Qc2 Nxd5 19. cxd5 Qxc2 20. Rxc2 Rxb3 21. Bb5
Nc5 22. Bxc5 dxc5 23. Rd1 Bd6 24. Rc4 {Game drawn by mutual agreement} 1/2-1/2

[Event "Team 45 45 League T56"]
[Site "Internet Chess Club"]
[Date "2013.03.16"]
[Round "4"]
[White "RedAttack"]
[Black "nurmi"]
[Result "1-0"]
[WhiteElo "1846"]
[BlackElo "1942"]
[Opening "Réti opening"]
[ECO "A04"]
[Time "17:10:44"]
[TimeControl "2700+45"]

1. Nf3 g6 2. e4 d6 3. d4 Nf6 4. Bd3 c6 5. Nc3 Bg7 6. Bg5 Nbd7 7. Qd2 h6 8. Bf4
Nh5 9. Be3 e5 10. O-O-O Qc7 11. Kb1 b5 12. d5 b4 13. dxc6 bxc3 14. cxd7+ Bxd7
15. Qxc3 Qxc3 16. bxc3 Ke7 17. Kc1 Rhc8 18. Kd2 f5 19. Ke2 Rxc3 20. Nh4 Kf6 21.
Rb1 Rc7 22. Rb2 f4 23. Bd2 g5 24. Nf3 Bf8 25. Rhb1 Bc6 26. h3 Ng7 27. Nh2 h5 28.
f3 Ne6 29. Nf1 d5 30. Ba5 Rd7 31. Nd2 Rc8 32. Ba6 dxe4 33. Bxc8 exf3+ 34. Nxf3
Bxf3+ 35. gxf3 Nd4+ 36. Kf2 Rd5 37. Bc3 Bc5 38. Kg2 Ne2 39. Bb4 Bb6 40. c4
{Black resigns} 1-0

[Event "Team 45 45 League T56"]
[Site "Internet Chess Club"]
[Date "2013.03.18"]
[Round "4"]
[White "steadman"]
[Black "searchforbobby1"]
[Result "0-1"]
[WhiteElo "2100"]
[BlackElo "2166"]
[Opening "Dutch defense"]
[ECO "A81"]
[Time "21:02:32"]
[TimeControl "2700+45"]

1. d4 f5 2. g3 Nf6 3. Bg2 e6 4. Nf3 d5 5. O-O Bd6 6. c4 c6 7. b3 Qe7 8. Bb2 b6
9. Nbd2 Bb7 10. Ne5 O-O 11. Ndf3 Nbd7 12. Rc1 Rac8 13. e3 c5 14. Ne1 Bb8 15.
N5d3 Ne4 16. cxd5 Bxd5 17. dxc5 Ndxc5 18. Nxc5 Rxc5 19. Nd3 Rcc8 20. Qe2 Qb7 21.
f3 Ng5 22. Nb4 Rxc1 23. Bxc1 Qe7 24. Nxd5 exd5 25. Qd3 Qe6 26. Rd1 Rd8 27. e4
fxe4 28. fxe4 Nh3+ 29. Bxh3 Qxh3 30. exd5 Bd6 31. Rf1 Re8 32. Qf3 Rf8 33. Bf4
Bc5+ 34. Kh1 g5 35. d6 Qe6 36. Rd1 gxf4 37. d7 Be7 38. gxf4 Bf6 39. f5 Qe5 40.
Qg4+ Kh8 41. Qb4 Rg8 42. Qc4 Qxf5 43. Qc6 Qe5 44. b4 Bd8 45. Rc1 Bc7 46. Qc3
Qxc3 47. Rxc3 Bd8 48. Rc8 a5 49. bxa5 bxa5 50. Rc3 Kg7 51. Kg2 Kf7+ 52. Kf3 Ke6
53. Ke4 Kxd7 54. Rh3 Rg7 55. Rh6 Be7 56. Ra6 Bd8 57. Rh6 Be7 58. Ra6 Rg4+ 59.
Kf3 Ra4 60. Rh6 Rxa2 61. Rxh7 a4 62. h3 a3 63. Rh5 Rc2 64. Ra5 a2 65. Ke4 Bf6
66. Ra7+ Ke6 {White resigns} 0-1

[Event "Team 45 45 League T56"]
[Site "Internet Chess Club"]
[Date "2013.03.18"]
[Round "4"]
[White "lluisdp"]
[Black "Colombiano07"]
[Result "1-0"]
[WhiteElo "2025"]
[BlackElo "1831"]
[Opening "Queen's pawn: London system"]
[ECO "A45"]
[Time "11:10:05"]
[TimeControl "2700+45"]

1. d4 Nf6 2. Bf4 g6 3. e3 Bg7 4. Nf3 O-O 5. h3 d6 6. c4 Nbd7 7. Nc3 c6 8. Be2
Qe8 9. O-O e5 10. Bh2 e4 11. Nd2 Qe7 12. Qc2 Re8 13. b4 h5 14. c5 d5 15. b5 Nf8
16. bxc6 bxc6 17. Qa4 Bd7 18. Rfb1 N6h7 19. Rb7 a5 20. Nxd5 cxd5 21. c6 Bxc6 22.
Qxc6 Qa3 23. Bd6 Re6 24. Qc7 {Black resigns} 1-0

[Event "Team 45 45 League T56"]
[Site "Internet Chess Club"]
[Date "2013.03.16"]
[Round "4"]
[White "Kueh"]
[Black "Burning-Bush"]
[Result "1-0"]
[WhiteElo "2023"]
[BlackElo "2045"]
[Opening "Pirc defense"]
[ECO "B07"]
[Time "18:24:09"]
[TimeControl "2700+45"]

1. e4 d6 2. d4 Nf6 3. Bd3 g6 4. Ne2 Bg7 5. O-O O-O 6. c4 Nc6 7. Nbc3 e5 8. d5
Ne7 9. Rb1 h6 10. b4 a5 11. a3 axb4 12. axb4 b6 13. f3 Nh5 14. c5 f5 15. Be3 f4
16. Bf2 g5 17. h3 bxc5 18. bxc5 Ba6 19. Bxa6 Rxa6 20. Qd3 Ra5 21. Rb7 dxc5 22.
Qc4 Kh8 23. Bxc5 Re8 24. d6 Rxc5 25. Qxc5 cxd6 26. Qb5 Qc8 27. Ra1 Nc6 28. Kh2
Nd4 29. Qd5 Ne6 30. Nb5 Bf8 31. Raa7 Nf6 32. Qb3 Qc5 33. Nc7 {Black resigns} 1-0

[Event "Team 45 45 League T56"]
[Site "Internet Chess Club"]
[Date "2013.03.18"]
[Round "4"]
[White "PopolVuh"]
[Black "PoisonPawn"]
[Result "1/2-1/2"]
[WhiteElo "1941"]
[BlackElo "2154"]
[Opening "English, 1...Nf6 (Anglo-Indian defense)"]
[ECO "A15"]
[Time "19:09:56"]
[TimeControl "2700+45"]

1. c4 Nf6 2. g3 c5 3. Bg2 d5 4. Nf3 Nc6 5. O-O e5 6. d3 Be7 7. Bg5 d4 8. Nbd2
Nd7 9. Bxe7 Qxe7 10. a3 a5 11. Ne1 O-O 12. Nc2 Kh8 13. e3 Ra6 14. Re1 Qd8 15.
exd4 Nxd4 16. Nxd4 exd4 17. Qh5 Rh6 18. Qd5 Qb6 19. Rab1 Rd6 20. Qh5 Nf6 21. Qf3
h6 22. Ne4 Nxe4 23. Qxe4 Re6 24. Qd5 Rxe1+ 25. Rxe1 Kg8 26. h4 Rd8 27. Qe5 Be6
28. Be4 Rc8 29. Bf5 Re8 30. Qd5 Rd8 31. Qe5 Re8 32. Qd5 Rd8 33. Qe5 {Game drawn
by mutual agreement} 1/2-1/2

[Event "Team 45 45 League T56"]
[Site "Internet Chess Club"]
[Date "2013.03.14"]
[Round "4"]
[White "DreadHead"]
[Black "NFork"]
[Result "1/2-1/2"]
[WhiteElo "2260"]
[BlackElo "2228"]
[Opening "English: four knights, kingside fianchetto"]
[ECO "A29"]
[Time "12:02:03"]
[TimeControl "2700+45"]

1. c4 e5 2. Nc3 Nc6 3. Nf3 Nf6 4. g3 Bb4 5. Bg2 Bxc3 6. bxc3 Qe7 7. O-O e4 8.
Nd4 O-O 9. Rb1 d6 10. Nxc6 bxc6 11. d4 h6 12. Qa4 Qd7 13. Bf4 Re8 14. Qa5 Re7
15. Rb2 Qe6 16. Qa4 a5 17. Qxc6 Ra6 18. Qa4 Bd7 19. Rb8+ Re8 20. Qb3 Ba4 21.
Rxe8+ Qxe8 22. Qb7 Rc6 23. c5 dxc5 24. Bxc7 cxd4 25. cxd4 Rc2 26. Be5 Rxe2 27.
Bxf6 gxf6 28. Qa6 Rxa2 29. Qxf6 Qe6 30. Qd8+ Kg7 31. Qxa5 Bc2 32. Qc5 Bd3 33.
Re1 Rc2 34. Qe5+ Qxe5 35. dxe5 Rc5 36. f4 exf3 37. Bxf3 Bf5 38. Kg2 Rc2+ 39. Re2
Rc1 40. g4 Be6 41. Kg3 Rc3 42. Kf4 Rc1 43. Re3 Rc4+ 44. Re4 Rc1 45. Rd4 Rc5 46.
Be4 Rc1 47. h3 Rf1+ 48. Bf3 Rc1 49. Be4 Rf1+ 50. Bf3 Rc1 51. Be4 Rf1+ 52. Bf3
{Game drawn by repetition} 1/2-1/2

[Event "Team 45 45 League T56"]
[Site "Internet Chess Club"]
[Date "2013.03.16"]
[Round "4"]
[White "chiiwen"]
[Black "Shijith"]
[Result "1/2-1/2"]
[WhiteElo "2134"]
[BlackElo "2062"]
[Opening "French: Tarrasch, closed variation, main line"]
[ECO "C06"]
[Time "11:40:54"]
[TimeControl "2700+45"]

1. e4 e6 2. d4 d5 3. Nd2 Nf6 4. e5 Nfd7 5. c3 c5 6. Bd3 Nc6 7. Ne2 cxd4 8. cxd4
Qb6 9. Nf3 f6 10. exf6 Nxf6 11. O-O Bd6 12. b3 O-O 13. Bb2 Bd7 14. Nc3 Nb4 15.
Bb1 Rac8 16. h3 Nc6 17. Bd3 Nb4 18. Bb1 Nc6 19. Bd3 Nb4 {Game drawn by mutual
agreement} 1/2-1/2

[Event "Team 45 45 League T56"]
[Site "Internet Chess Club"]
[Date "2013.03.14"]
[Round "4"]
[White "PandorasBox"]
[Black "f5"]
[Result "1/2-1/2"]
[WhiteElo "1901"]
[BlackElo "2076"]
[Opening "English: Anglo-Dutch defense"]
[ECO "A10"]
[Time "18:03:42"]
[TimeControl "2700+45"]

1. c4 f5 2. g3 Nf6 3. Bg2 e5 4. Nc3 d6 5. d3 g6 6. Qb3 c6 7. Bg5 Nbd7 8. e4 h6
9. Bxf6 Qxf6 10. exf5 gxf5 11. Nge2 Nc5 12. Qc2 Ne6 13. O-O-O Bd7 14. h4 O-O-O
15. Rhf1 h5 16. Kb1 Bh6 17. Bh3 Kb8 18. a3 Nd4 19. Nxd4 exd4 20. Ne2 f4 21. Bxd7
Rxd7 22. Rde1 Re7 23. Qd1 Rhe8 24. gxf4 Qxh4 25. Ng3 Qxf4 26. Rxe7 Rxe7 27. Qxh5
Qd2 28. Qf3 Kc7 29. Ne4 Qf4 30. Qxf4 Bxf4 31. Kc2 d5 32. cxd5 cxd5 33. Nc5 b6
34. Nb3 Re2+ 35. Kb1 Be5 36. Nc1 Rd2 37. f4 Bf6 38. Rf3 a5 39. a4 Kd6 40. Nb3
Re2 41. Rf1 Ke6 42. Rc1 Kd7 43. Rf1 Rh2 44. Rf3 Ke6 45. Rf1 Rh4 46. Rc1 Kd7 47.
Rf1 Kd6 48. Nd2 Kc5 49. Rc1+ Kd6 50. Rf1 Rh3 51. Nf3 Rg3 52. Kc2 Ke6 53. Rf2 Kf5
54. Ne1 Rg4 55. Ng2 Be7 56. Kd1 Bd6 57. Ke2 Rg3 58. Nh4+ Ke6 59. f5+ Kf6 60. Ng6
Bb4 61. Nf4 Re3+ 62. Kd1 Re5 63. Nh5+ Kg5 64. Ng7 Kf6 65. Nh5+ Kf7 66. Rf1 Bf8
67. Rf2 Bh6 68. Kc2 Be3 69. Rf1 Re8 70. Nf4 Bxf4 71. Rxf4 Re5 72. f6 Re6 73.
Rxd4 Rd6 74. Kc3 Kxf6 75. Rh4 Kg5 76. Rh8 d4+ 77. Kc4 Kf4 78. Re8 Kf3 79. Re4
Rc6+ 80. Kxd4 Rc2 81. b3 Rc6 82. Re1 Kf2 83. Re7 Kf3 84. Re8 Kf2 {Game drawn by
mutual agreement} 1/2-1/2

[Event "Team 45 45 League T56"]
[Site "Internet Chess Club"]
[Date "2013.03.15"]
[Round "4"]
[White "TerryMalloy"]
[Black "jonesey"]
[Result "1-0"]
[WhiteElo "2007"]
[BlackElo "1880"]
[Opening "Sicilian: accelerated fianchetto, Breyer variation"]
[ECO "B39"]
[Time "08:06:19"]
[TimeControl "2700+45"]

1. e4 c5 2. Nf3 g6 3. c4 Bg7 4. d4 cxd4 5. Nxd4 Nc6 6. Be3 Nf6 7. Nc3 Ng4 8.
Qxg4 Nxd4 9. Qd1 Nc6 10. Qd2 O-O 11. h4 d6 12. h5 Be6 13. Bh6 Bxh6 14. Qxh6 g5
15. Qxg5+ Kh8 16. O-O-O Rg8 17. Qe3 a6 18. Be2 Rxg2 19. Rdg1 Rg8 20. f4 Qa5 21.
f5 Bd7 22. h6 Qe5 23. Bh5 Raf8 24. Rxg8+ Rxg8 25. Bxf7 Rg3 26. Qd2 b5 27. cxb5
axb5 28. Bd5 Nb4 29. Kb1 Rd3 30. Qg2 Rg3 31. Qd2 Rd3 32. Rg1 Rg3 33. Rxg3 Qxg3
34. Qd4+ {Black resigns} 1-0

[Event "Team 45 45 League T56"]
[Site "Internet Chess Club"]
[Date "2013.03.17"]
[Round "4"]
[White "chess9793"]
[Black "Barrett-CCSCSL"]
[Result "0-1"]
[WhiteElo "2071"]
[BlackElo "2135"]
[Opening "French: Tarrasch"]
[ECO "C03"]
[Time "23:16:32"]
[TimeControl "2700+45"]

1. e4 e6 2. d4 d5 3. Nd2 dxe4 4. Nxe4 Bd7 5. c4 Bc6 6. Nc3 Nf6 7. Nf3 Bxf3 8.
Qxf3 c6 9. Be3 Be7 10. O-O-O O-O 11. g4 Bb4 12. Ne4 Ne8 13. Bd3 Nd7 14. Qh3 g6
15. g5 Ng7 16. Ng3 Qa5 17. Kb1 Rfd8 18. Qg4 e5 19. h4 f5 20. gxf6 Nxf6 21. Qf3
Rf8 22. Qg2 Rad8 23. h5 exd4 24. Bh6 Ng4 25. hxg6 Rxf2 26. gxh7+ Kh8 27. Bxg7+
Kxg7 28. Nf5+ Kh8 29. Rd2 Rxd2 30. Qxg4 Rxb2+ 31. Kc1 Bd2+ 32. Kxb2 Qc3+ 33. Kb1
Qxd3+ 34. Kb2 Bc3+ 35. Kb3 Ba1+ 36. Kb4 Qc3+ 37. Kc5 Qa5# {White checkmated} 0-1

[Event "Team 45 45 League T56"]
[Site "Internet Chess Club"]
[Date "2013.03.17"]
[Round "4"]
[White "zeigmata"]
[Black "Rodin7"]
[Result "0-1"]
[WhiteElo "2156"]
[BlackElo "2087"]
[Opening "King's Indian defense, 3.Nc3"]
[ECO "E61"]
[Time "16:09:52"]
[TimeControl "2700+45"]

1. d4 Nf6 2. c4 g6 3. Nc3 Bg7 4. g3 d5 5. cxd5 Nxd5 6. Bg2 Nb6 7. Nf3 O-O 8. O-O
c6 9. h3 Na6 10. e4 Be6 11. Bg5 Qd7 12. Kh2 Rfd8 13. Qc1 Rac8 14. Rd1 Nc4 15. b3
Nd6 16. Qe3 Qe8 17. Rac1 Nc7 18. Bf4 Ncb5 19. Na4 b6 20. g4 f6 21. Ne1 g5 22.
Bg3 Nb7 23. Nc2 h5 24. f3 Bf7 25. Bf1 h4 26. Bf2 e5 27. Bxb5 cxb5 28. Nc3 b4 29.
Ne2 exd4 30. Ncxd4 Qe5+ 31. Kg2 Bf8 32. f4 gxf4 33. Qxf4 Rxc1 34. Rxc1 Nc5 35.
Qxe5 fxe5 36. Nf3 Nxe4 37. Bxh4 Re8 38. Be1 Bc5 39. h4 Bd5 40. Bg3 Nd2 {White
resigns} 0-1

[Event "Team 45 45 League T56"]
[Site "Internet Chess Club"]
[Date "2013.03.18"]
[Round "4"]
[White "CuatroPrincesas"]
[Black "Campagnolo"]
[Result "1-0"]
[WhiteElo "2162"]
[BlackElo "2066"]
[Opening "Caro-Kann: Steinitz variation"]
[ECO "B17"]
[Time "16:30:13"]
[TimeControl "2700+45"]

1. e4 c6 2. d4 d5 3. Nc3 dxe4 4. Nxe4 Nd7 5. Nf3 Ngf6 6. Nxf6+ Nxf6 7. Bc4 Bf5
8. O-O e6 9. Re1 Be7 10. c3 O-O 11. Bg5 Nd5 12. Bxe7 Qxe7 13. Ne5 Rfd8 14. Qf3
Rac8 15. Rad1 Nf6 16. h3 Nd7 17. Nxf7 Qxf7 18. g4 Nb6 19. Bb3 Nd5 20. gxf5 exf5
21. Re5 g6 22. Rde1 Rc7 23. Qg3 Kg7 24. Re6 f4 25. Qg5 Rf8 26. Bxd5 cxd5 27. Re7
{Black resigns} 1-0

[Event "Team 45 45 League T56"]
[Site "Internet Chess Club"]
[Date "2013.03.16"]
[Round "4"]
[White "ben622"]
[Black "Stryker672"]
[Result "0-1"]
[WhiteElo "1985"]
[BlackElo "1967"]
[Opening "Giuoco Pianissimo"]
[ECO "C55"]
[Time "11:01:28"]
[TimeControl "2700+45"]

1. e4 e5 2. Nf3 Nc6 3. Bc4 Nf6 4. d3 Bc5 5. O-O d6 6. c3 O-O 7. b4 Bb6 8. a4 a5
9. b5 Ne7 10. Bg5 Ng6 11. Na3 h6 12. Nh4 hxg5 13. Nxg6 Re8 14. h4 d5 15. exd5
fxg6 16. hxg5 Nxd5 17. Qb3 Be6 18. Rae1 Qd6 19. d4 Rad8 20. Rxe5 Bf7 21. Rfe1
Rxe5 22. Rxe5 Qd7 23. Nc2 Nf4 24. Ne3 Bxc4 25. Qxc4+ Qf7 26. Re7 Ne2+ 27. Kf1
Qxc4 28. Nxc4 Nxc3 29. Re3 Bxd4 30. Rd3 Nxa4 31. Nxa5 Nc5 32. Rd2 Kf7 33. Ke2
Ke8 34. Nc4 Ne6 35. Na5 Bb6 36. Rxd8+ Kxd8 37. Nc4 Nxg5 38. Ne5 Ne4 39. Nxg6
Nc3+ 40. Kd3 Nxb5 41. f4 Nd6 42. g4 c5 43. f5 Ba5 44. Nf4 c4+ 45. Kd4 c3 46. Kd3
Ke7 47. Nd5+ Kf7 48. Kc2 Ne4 49. Kb3 Nf6 50. Ne3 b6 51. Kc2 Ne4 52. Kd3 Nf2+ 53.
Kc2 Kf6 54. Nd5+ Kg5 55. Nc7 Nxg4 56. Ne8 Ne3+ {White resigns} 0-1

[Event "Team 45 45 League T56"]
[Site "Internet Chess Club"]
[Date "2013.03.17"]
[Round "4"]
[White "cys456"]
[Black "mugurelt"]
[Result "1-0"]
[WhiteElo "1850"]
[BlackElo "1700"]
[Opening "Sicilian: closed"]
[ECO "B23"]
[Time "16:00:34"]
[TimeControl "2700+45"]

1. e4 c5 2. Nc3 d6 3. g3 Nf6 4. Bg2 e5 5. d3 Be7 6. f4 O-O 7. Nf3 Nc6 8. O-O Rb8
9. h3 b5 10. a3 exf4 11. g4 a5 12. Bxf4 Be6 13. Qd2 Nd7 14. Nd5 Nde5 15. c3 Ng6
16. Bg3 Bxd5 17. exd5 Nce5 18. Nxe5 Nxe5 19. Bxe5 dxe5 20. Rf5 Bd6 21. Be4 g6
22. Rf3 c4 23. Raf1 Be7 24. Qf2 Bh4 25. Qa7 Qb6+ 26. Qxb6 Rxb6 27. Kg2 Rd6 28.
Re3 Kg7 29. Ref3 h6 30. dxc4 bxc4 31. b4 cxb3 32. c4 a4 33. c5 Rdd8 34. d6 Bg5
35. Rb1 Bf4 36. Rc3 Bd2 37. Rd3 Bf4 38. d7 f5 39. gxf5 gxf5 40. Bc6 e4 41. Rd5
Bc7 42. Bxa4 Ra8 43. Bxb3 Rxa3 44. c6 Kf6 45. Rb5 Ke7 46. Rd1 Kd8 47. Rb7 f4 48.
Kf2 f3 49. Re1 Rf6 50. Rxe4 Rxc6 51. Ba4 Rxa4 52. Rxa4 Kxd7 53. Kxf3 Rc3+ 54.
Kg4 h5+ 55. Kf5 Kc6 56. Rb1 Bd8 57. h4 Rd3 58. Kg6 Rd5 59. Rc4+ Kd7 60. Rb7+ Ke6
61. Rh7 Rd3 62. Rxh5 Rg3+ 63. Kh7 Bf6 64. Rc6+ Ke7 65. Rc7+ Ke6 66. Rh6 Rf3 67.
h5 Rf5 68. Rb7 Rf2 69. Kg8 Ke5 70. Rf7 Rg2+ 71. Rg6 Rg5 72. Rxg5+ Bxg5 73. Kg7
Ke6 74. Rf1 Bd2 75. h6 {Black resigns} 1-0

[Event "Team 45 45 League T56"]
[Site "Internet Chess Club"]
[Date "2013.03.16"]
[Round "4"]
[White "justice02"]
[Black "joshq03"]
[Result "1-0"]
[WhiteElo "1750"]
[BlackElo "1513"]
[Opening "Sicilian: Grand Prix attack"]
[ECO "B21"]
[Time "20:48:53"]
[TimeControl "2700+45"]

1. e4 c5 2. f4 Nc6 3. Nf3 g6 4. c3 Bg7 5. Bd3 e6 6. Bc2 Nge7 7. a3 O-O 8. d4 b6
9. O-O Bb7 10. Kh1 d5 11. e5 f6 12. exf6 Rxf6 13. Qe2 Nf5 14. g4 Nd6 15. g5 Rf8
16. Qxe6+ Nf7 17. Qh3 cxd4 18. cxd4 Nxd4 19. Nxd4 Bxd4 20. Nd2 Bc5 21. Rb1 d4+
22. Be4 Bxe4+ 23. Nxe4 Qd5 24. Qf3 Be7 25. Nf6+ Bxf6 26. Qxd5 Bg7 27. b4 Rad8
28. Qa2 Kh8 29. Bd2 Rfe8 30. Rbe1 Rf8 31. Re7 Nd6 32. Rfe1 Nf5 33. Rxa7 Nh4 34.
Ree7 Nf5 35. Re4 Nh4 36. Qe6 Nf5 37. Qxb6 d3 38. Qc7 Rc8 39. Qd7 Rcd8 40. Qe6
Rd6 41. Qc4 Rdd8 42. Bc3 Bxc3 43. Qxc3+ Kg8 44. Qc7 Rfe8 45. Qxh7+ Kf8 46. Rf7#
{Black checkmated} 1-0

[Event "Team 45 45 League T56"]
[Site "Internet Chess Club"]
[Date "2013.03.15"]
[Round "4"]
[White "ausya"]
[Black "RD1974"]
[Result "1-0"]
[WhiteElo "1541"]
[BlackElo "1651"]
[Opening "Sicilian: Alapin's variation (2.c3)"]
[ECO "B22"]
[Time "18:02:24"]
[TimeControl "2700+45"]

1. e4 c5 2. c3 e6 3. d4 d5 4. Nd2 Nc6 5. Ngf3 Qb6 6. Bd3 cxd4 7. cxd4 Nxd4 8.
Nxd4 Qxd4 9. Qb3 Qb4 10. O-O Qxb3 11. axb3 Bd7 12. Nf3 Bc6 13. exd5 Bxd5 14. Be3
a6 15. Bb5+ Bc6 16. Bxc6+ bxc6 17. Rfc1 Nf6 18. Rxc6 a5 19. Bb6 Bb4 20. Bc5 Nd5
21. Nd4 Rb8 22. Bd6 Bxd6 23. Rxd6 O-O 24. Rxa5 Rfc8 25. Nc6 Rxb3 26. Raxd5 exd5
27. Ne7+ Kf8 28. Nxc8 g6 29. Rxd5 Rxb2 30. Rd1 Rc2 31. Nd6 Ke7 32. g3 f5 33. Nb5
Rc5 34. Nd4 Kf6 35. Kg2 Rd5 36. Kf3 g5 37. Ke3 Ra5 38. Nc6 Ra3+ 39. Rd3 f4+ 40.
Ke4 Ra2 41. Rf3 Ra4+ 42. Nd4 Ra8 43. gxf4 Re8+ 44. Kd3 g4 45. Re3 Rd8 46. Re6+
Kf7 47. f5 Ra8 48. Ke4 Ra2 49. Kf4 Rxf2+ 50. Kxg4 Rxh2 51. Nc6 h5+ 52. Kg3 Rh1
53. Ne5+ Kg7 54. f6+ Kf8 55. f7 Rf1 56. Re8+ Kg7 57. Rg8+ Kh7 58. f8=Q h4+ 59.
Kg2 Rxf8 60. Rxf8 Kh6 61. Rg8 Kh5 62. Rg4 h3+ 63. Kxh3 Kh6 64. Kg3 Kh5 65. Kf4
Kh6 66. Kf5 Kh5 67. Rg1 Kh4 68. Rg8 Kh3 69. Kf4 Kh2 70. Kf3 Kh1 71. Kf2 {Black
resigns} 1-0

[Event "Team 45 45 League T56"]
[Site "Internet Chess Club"]
[Date "2013.03.17"]
[Round "4"]
[White "kingsrook"]
[Black "MateMaster"]
[Result "1-0"]
[WhiteElo "1317"]
[BlackElo "1387"]
[Opening "Queen's pawn game"]
[ECO "D04"]
[Time "12:05:08"]
[TimeControl "2700+45"]

1. d4 Nf6 2. Nf3 d5 3. e3 Bf5 4. c4 e6 5. Nc3 c6 6. cxd5 exd5 7. Qb3 Qc7 8. Be2
Bd6 9. Ne5 Nbd7 10. f4 O-O 11. h3 Ne4 12. Nxe4 Bxe4 13. Nf3 Nf6 14. O-O h5 15.
Bd2 a5 16. a4 h4 17. Rac1 Nh5 18. Be1 Ng3 19. Bxg3 hxg3 20. Bd3 Rfe8 21. Ng5 f6
22. Nxe4 Bb4 23. Rf3 Kh7 24. Nxf6+ Kh8 25. Nxe8 Rxe8 26. Qc2 Qf7 27. Bg6 Qg8 28.
Bxe8 Qxe8 29. Rxg3 Kg8 30. Qg6 Bf8 31. Qxe8 c5 32. Rxc5 b6 33. Rxd5 b5 34. Rdg5
Kh7 35. Qxf8 g6 36. Rh5+ gxh5 37. Qg7# {Black checkmated} 1-0

[Event "Team 45 45 League T56"]
[Site "Internet Chess Club"]
[Date "2013.03.17"]
[Round "4"]
[White "tsia68"]
[Black "fireball"]
[Result "1/2-1/2"]
[WhiteElo "1753"]
[BlackElo "1739"]
[Opening "French: King's Indian attack"]
[ECO "C00"]
[Time "15:08:50"]
[TimeControl "2700+45"]

1. e4 e6 2. d3 b5 3. g3 Bb7 4. Bg2 c5 5. Nf3 d6 6. O-O Be7 7. c3 g5 8. Na3 a6 9.
Nc2 h5 10. Nfe1 Nd7 11. Be3 f5 12. Qe2 h4 13. Bd2 h3 14. Bh1 g4 15. d4 Qc8 16.
f3 Ndf6 17. exf5 exf5 18. Be3 Qc7 19. dxc5 dxc5 20. Rd1 Nh5 21. Qf2 Bd6 22. f4
O-O-O 23. Nd3 Bxh1 24. Kxh1 Qc6+ 25. Kg1 c4 26. Ne5 Bxe5 27. Rxd8+ Kxd8 28. fxe5
Ne7 29. Rd1+ Kc8 30. Ne1 Rf8 31. Rd6 Qe4 32. Rxa6 Kd7 33. Rd6+ Ke8 34. Qd2 Qxe5
35. Bh6 Rf6 36. Rd8+ Kf7 37. Rf8+ Ke6 38. Rd8 Qc5+ 39. Be3 Qc6 40. Bg5 Qc5+ 41.
Be3 Qc6 42. Bg5 Qc5+ 43. Be3 {Game drawn by repetition} 1/2-1/2

[Event "Team 45 45 League T56"]
[Site "Internet Chess Club"]
[Date "2013.03.17"]
[Round "4"]
[White "monkeyshark"]
[Black "latayvia"]
[Result "0-1"]
[WhiteElo "1557"]
[BlackElo "1819"]
[Opening "Giuoco Piano"]
[ECO "C54"]
[Time "23:01:58"]
[TimeControl "2700+45"]

1. e4 e5 2. Nf3 Nc6 3. Bc4 Bc5 4. c3 Nf6 5. d3 O-O 6. Bg5 h6 7. Bh4 Be7 8. O-O
d5 9. Bxf6 Bxf6 10. Bxd5 Ne7 11. Bb3 Ng6 12. d4 Bg4 13. dxe5 Bxf3 14. Qxd8 Bxd8
15. gxf3 Nxe5 16. f4 Nd3 17. Nd2 Nxb2 18. Bc2 Be7 19. Rab1 Ba3 20. Nf3 b6 21.
Rfe1 Rfd8 22. Nd4 Nc4 23. Rb3 Bf8 24. Rd1 c5 25. Nf3 Rxd1+ 26. Bxd1 Rd8 27. Be2
Nd2 28. Ra3 Nxf3+ 29. Bxf3 c4 30. Rxa7 Rd2 31. Rc7 Bc5 32. Rc8+ Kh7 33. e5 Kg6
34. a4 Kf5 35. Rc7 Kxf4 36. Rxf7+ Kxe5 37. Bg2 Rd3 38. Rxg7 Rxc3 39. Rh7 Rc1+
40. Bf1 c3 41. Rxh6 c2 42. Rh5+ Kf6 {White resigns} 0-1

[Event "Team 45 45 League T56"]
[Site "Internet Chess Club"]
[Date "2013.03.18"]
[Round "4"]
[White "gandre"]
[Black "Insan996"]
[Result "1-0"]
[WhiteElo "1864"]
[BlackElo "1639"]
[Opening "Queen's bishop game"]
[ECO "D00"]
[Time "19:00:18"]
[TimeControl "2700+45"]

1. d4 d5 2. Bf4 Nf6 3. Nf3 c6 4. e3 Bg4 5. c4 e6 6. Qb3 Qd7 7. Ne5 Qe7 8. Nxg4
Nxg4 9. Bd3 Qb4+ 10. Nd2 Nxf2 11. Kxf2 Qxd2+ 12. Be2 Qb4 13. Qc2 Bd6 14. a3 Qa5
15. Bxd6 Nd7 16. b4 Qd8 17. c5 Nf6 18. Bf3 b6 19. Rhf1 h6 20. e4 Nh7 21. exd5
cxd5 22. Rae1 Qh4+ 23. Ke3 Ng5 24. cxb6 axb6 25. Qc6+ Kd8 26. Qc7+ {Black
resigns} 1-0

[Event "Team 45 45 League T56"]
[Site "Internet Chess Club"]
[Date "2013.03.16"]
[Round "4"]
[White "Ajolote"]
[Black "globulon"]
[Result "0-1"]
[WhiteElo "1460"]
[BlackElo "1310"]
[Opening "Giuoco Piano"]
[ECO "C50"]
[Time "12:30:55"]
[TimeControl "2700+45"]

1. e4 e5 2. Nf3 Nc6 3. Bc4 Bc5 4. O-O Nf6 5. Nc3 O-O 6. d3 d6 7. h3 Ne7 8. Bg5
Ng6 9. Nd5 h6 10. Nxf6+ gxf6 11. Bxh6 Re8 12. Qd2 Kh7 13. Be3 Rh8 14. Bxf7 Kg7
15. Bxg6 Kxg6 16. Kh2 Bxe3 17. Qxe3 Kf7 18. Ng1 Qg8 19. Qg3 Qh7 20. f4 Bd7 21.
f5 Rag8 22. Qe3 b6 23. Rf3 Qg7 24. Rg3 Qh7 25. Rxg8 Rxg8 26. Rf1 Qg7 27. Rf3
Qxg2# {White checkmated} 0-1

[Event "Team 45 45 League T56"]
[Site "Internet Chess Club"]
[Date "2013.03.18"]
[Round "4"]
[White "EyeAm"]
[Black "ScotchYeti"]
[Result "1-0"]
[WhiteElo "1708"]
[BlackElo "1657"]
[Opening "Sicilian defense"]
[ECO "B40"]
[Time "15:01:41"]
[TimeControl "2700+45"]

1. e4 c5 2. Nf3 e6 3. c3 a6 4. d4 d5 5. exd5 exd5 6. Be2 Nf6 7. O-O Be6 8. Be3
cxd4 9. Nxd4 Nc6 10. Nd2 Bd6 11. Re1 Qc7 12. h3 O-O 13. Bd3 Ne5 14. Bc2 Rfe8 15.
Bg5 Qd7 16. Bxf6 gxf6 17. f4 Nc6 18. f5 Nxd4 19. Qg4+ Kf8 20. Qxd4 Bxf5 21. Qxf6
Bc5+ 22. Kh1 Be6 23. Nf3 Rec8 24. Ne5 Qd6 25. Bxh7 d4 26. Ng6+ Ke8 27. Bg8 Rc7
28. Bxf7+ {Black resigns} 1-0